[Event "Early-Titled-Tuesday-Blitz-February-13-2024"]
[Site "Chess.com"]
[Date "2024.02.13"]
[Round "8"]
[White "Aash20"]
[Black "N_I_Chess"]
[Result "1-0"]
[WhiteElo "2464"]
[BlackElo "2300"]
[TimeControl "180+1"]
[EndTime "9:33:32 PST"]
[Termination "Aash20 won on time"]

1. e4 Nf6 2. e5 Nd5 3. c4 Nb6 4. d4 d6 5. exd6 cxd6 6. Nc3 g6 7. Be3 Bg7 8. Rc1 O-O 9. b3 Bf5 10. Nf3 d5 11. c5 Nc8 12. Be2 Nc6 13. O-O Bg4 14.
h3 Bxf3 15. Bxf3 e6 16. a3 N8e7 17. b4 Nf5 18. Ne2 Nxe3 19. fxe3 a6 20. Qd3 Bh6 21.
Rb1 Qe7 22. a4 a5 23. b5 Nb4 24. Qc3 Rac8 25. Nf4 Rfe8 26. Rxb4 axb4 27. Qxb4 Qc7 28. b6 Qd7 29. Be2 Qe7 30. Bb5 Red8 31. Qb3 Bxf4 32. exf4 Qf6 33. Qe3 Ra8 34. Qe5 Kg7 35. Re1 Ra5 36.
Rb1 Qxe5 37. fxe5 Kf8 38. Kf2 Ke7 39. Ke3 Rf8 40. Rf1 Rc8 41. g4 Rca8 42. Rb1 Rc8 43. Kf4 h6 44. h4 Raa8 45. Ke3 Ra5 46. Rf1 Raa8 47. h5 gxh5 48. gxh5 Rh8 49. Rf6 Rh7 50. Kd3 Rhh8 51. Kc3 Ra5 52. Kb4 Raa8 53. a5 Rag8 54. c6 bxc6 55. Bxc6 Rg1 56. b7 Rb1+ 57. Kc5 Ra1 58. Kb6 Rb1+ 59. Bb5 Rb8 60.
a6 1-0

[Event "Early-Titled-Tuesday-Blitz-February-13-2024"]
[Site "Chess.com"]
[Date "2024.02.13"]
[Round "8"]
[White "PepeCuenca"]
[Black "David_George21"]
[Result "1-0"]
[WhiteElo "2676"]
[BlackElo "2255"]
[TimeControl "180+1"]
[EndTime "9:33:32 PST"]
[Termination "PepeCuenca won by checkmate"]

1. c4 c5 2. Nf3 Nc6 3. d4 cxd4 4. Nxd4 e6 5. g3 a6 6. Bg2 Nf6 7. O-O d6 8. Nc3 Nxd4 9. Qxd4 Be7 10. b3 O-O 11.
Bb2 Qc7 12. Rac1 Rb8 13. Rfd1 b6 14. h3 Bb7 15. e4 Rbc8 16. Na4 Bc6 17. Nxb6 Rb8 18.
Nd5 Bxd5 19. cxd5 Qa5 20. Ra1 Rfc8 21. dxe6 fxe6 22. e5 dxe5 23. Qxe5 Qxe5 24. Bxe5 Rb5 25. Bf4 Rc2 26. Rd2 Rbc5 27. Rad1 Kf7 28. Rxc2 Rxc2 29. Rd2 Rc3 30. Kh2 a5 31. Re2 Nd5 32. Be5 Rd3 33. Be4 Rd1 34. h4 Bf6 35. Bxf6 Nxf6 36. Bf3 Ra1 37.
Rd2 Rc1 38. Kg2 h6 39. Rd4 Rc2 40. Ra4 Rc5 41. Be2 Kg6 42. Bd3+ Kf7 43. Rd4 g5 44. hxg5 hxg5 45. Bc4 Ke7 46. Rd1 g4 47. Re1 Rc6 48. Re5 a4 49. Rg5 axb3 50. axb3 Rd6 51. Rg7+ Kf8 52.
Rg5 Rd2 53. Re5 Kf7 54. Bxe6+ Kg6 55. Bc4 Rb2 56. Re3 Rc2 57. Bd3+ Kg7 58. Bxc2 Kf7 59. Rc3 Kg7 60. Rc6 Kf7 61. Rxf6+ Kg7 62. Bd1 Kxf6 63.
Bxg4 Ke5 64. Bf3 Kd4 65. g4 Kc5 66. g5 Kb4 67. g6 Kxb3 68. g7 Kc4 69. g8=Q+ Kd4 70.
Qd5+ Kc3 71. Kg3 Kc2 72. Qd4 Kc1 73. Qd3 Kb2 74. Kf4 Kc1 75. Qe2 Kb1 76. Ke4 Ka1 77.
Kd4 Kb1 78. Kc3 Ka1 79. Qb2# 1-0

[Event "Early-Titled-Tuesday-Blitz-February-13-2024"]
[Site "Chess.com"]
[Date "2024.02.13"]
[Round "8"]
[White "santosalberto1987"]
[Black "GMKrikor"]
[Result "1/2-1/2"]
[WhiteElo "2581"]
[BlackElo "2856"]
[TimeControl "180+1"]
[EndTime "9:33:35 PST"]
[Termination "Game drawn - insufficient material"]

1. e4 c5 2. Nf3 Nc6 3. Nc3 Nf6 4. d4 cxd4 5. Nxd4 e5 6. Ndb5 d6 7. Bg5 a6 8. Na3 b5 9. Bxf6 gxf6 10. Nd5 Bg7 11.
c3 f5 12. exf5 Bxf5 13. Nc2 Be6 14. Nce3 O-O 15. Bd3 f5 16. O-O Ra7 17. Bc2 Raf7 18. f4 e4 19. a4 b4 20. Qe2 Ra7 21. Rfd1 Qb8 22. g4 fxg4 23. Bxe4 h5 24. f5 Bc8 25. f6 Bh6 26. Nf5 Bxf5 27. Bxf5 Ne5 28. Qe4 bxc3 29.
bxc3 Kh8 30. Rab1 Rb7 31. Rxb7 Qxb7 32. Rb1 Qa7+ 33. Kg2 Bg5 34. Be6 Bxf6 35. Qf5 Qh7 36. Rf1 Bg7 37. Qxh7+ Kxh7 38. Rxf8 Bxf8 39. a5 Nc6 40.
Nb4 Nxa5 41. Nxa6 Bg7 42. c4 Bd4 43. Nb4 Kg7 44. Nd3 Nb7 45. Bd5 Nd8 46. Nf4 Kh6 47.
Ne6 Nf7 48. Nxd4 Ne5 49. Nf5+ Kg5 50. Ne3 Nd3 51. Nc2 Nc5 52. Nd4 Nd3 53. Nb5 h4 54. Nxd6 Nf4+ 55. Kf1 h3 56. Ne4+ Kf5 57. Ng3+ Ke5 58.
Bg8 Nd3 59. Bh7 Nc5 60. Bf5 Kf4 61. Bc8 Nb3 62. Ne2+ Ke3 63. Nc3 Nd2+ 64. Ke1 Nxc4 65. Bxg4 Ne5 66. Bxh3 Nf3+ 67. Kd1 Nxh2 68. Ne2 Nf3 69.
Bg2 Nd4 70. Nxd4 Kxd4 1/2-1/2

[Event "Early-Titled-Tuesday-Blitz-February-13-2024"]
[Site "Chess.com"]
[Date "2024.02.13"]
[Round "8"]
[White "Harry_Rakkel"]
[Black "SergioMoralesG"]
[Result "1/2-1/2"]
[WhiteElo "2673"]
[BlackElo "2501"]
[TimeControl "180+1"]
[EndTime "9:33:36 PST"]
[Termination "Game drawn - insufficient material"]

1. e4 c5 2. Nf3 e6 3. Nc3 Nc6 4. g3 d5 5. Bg2 dxe4 6. Nxe4 Be7 7. O-O Nf6 8. Qe2 O-O 9. c3 h6 10. d3 Nd5 11. a4 b6 12. Ned2 Bb7 13. Nc4 Bf6 14. Nfd2 Qc7 15. Ne4 Be7 16. h4 Rad8 17. h5 f5 18. Ned2 e5 19. a5 b5 20. a6 Ba8 21. Na3 Qb8 22. Nf3 Bf6 23. Rd1 Rfe8 24. Bd2 Nc7 25. Nc2 Qb6 26. Ne3 e4 27. dxe4 fxe4 28. Nh2 Ne5 29. Nhg4 Bg5 30. Be1 Nd3 31. c4 b4 32. Nd5 Nxd5 33. cxd5 Bxd5 34. b3 Qe6 35. Ra5 Bxb3 36. Rb1 Bc4 37. Qc2 Bd5 38. Ne3 Ba8 39. Bd2 Bxe3 40. Bxe3 c4 41. Rb5 b3 42. Qc3 Qf7 43. Rb7 Bxb7 44. axb7 Qxb7 45. Qxc4+ Qf7 46. Qa4 a6 47. Bxe4 Rxe4 48. Qxe4 a5 49. Qa4 Qd5 50. Rxb3 Ne5 51. Rb1 Nf3+ 52. Kf1 Nh2+ 53. Kg1 Nf3+ 54.
Kf1 Nh2+ 55. Kg1 Ng4 56. Bf4 Qf3 57. Rf1 Kh7 58. Qc4 Rf8 59. Qc2+ Kh8 60. Qa2 Nf6 61. Qb2 Qxh5 62. Be5 Ng4 63. Bxg7+ Kh7 64. f3 Qh3 65. Bxf8 Qxg3+ 66. Qg2 Qxg2+ 67. Kxg2 Ne3+ 68.
Kf2 Nxf1 69. Bxh6 Kg6 70. Kxf1 Kxh6 71. Ke2 Kg5 72. Kd3 Kf4 73. Kc3 Kxf3 74. Kb3 Ke3 75. Ka4 Kd4 76. Kxa5 1/2-1/2

[Event "Early-Titled-Tuesday-Blitz-February-13-2024"]
[Site "Chess.com"]
[Date "2024.02.13"]
[Round "8"]
[White "Actuary44"]
[Black "ChristianArca"]
[Result "1/2-1/2"]
[WhiteElo "2515"]
[BlackElo "2724"]
[TimeControl "180+1"]
[EndTime "9:33:41 PST"]
[Termination "Game drawn - insufficient material"]

1. e4 c6 2. d4 d5 3. Nc3 dxe4 4.
Nxe4 Bf5 5. Ng3 Bg6 6. h4 h6 7. Nh3 e6 8. Nf4 Bh7 9. Bd3 Bxd3 10. Qxd3 Nf6 11. Bd2 Nbd7 12. O-O-O Qc7 13. Rhe1 O-O-O 14. Kb1 Bd6 15. Nfe2 Rhe8 16. Qb3 c5 17. dxc5 Nxc5 18.
Qf3 Nd5 19. Nd4 a6 20. Nh5 Be5 21. Nb3 Na4 22. c3 Ndb6 23. Bf4 Rxd1+ 24. Rxd1 Nc4 25. Bxe5 Qxe5 26. Qxf7 Qe4+ 27. Kc1 Rd8 28. Rxd8+ Kxd8 29. Qf8+ Kd7 30. Qxg7+ Kc8 31. Qf8+ Kc7 32. Qf4+ Qxf4+ 33. Nxf4 Kd6 34. g4 Ne5 35. g5 hxg5 36. hxg5 Nb6 37. Nd4 Nf7 38. g6 Nh6 39. Nfxe6 Nd7 40. Ng5 Ke7 41. Kc2 Kf6 42. Ne4+ Kxg6 43. Nd6 b6 44.
Nc4 Kf6 45. b4 Ng4 46. f3 Nh2 47. Kb3 Nf1 48. a4 Ke7 49. a5 b5 50. Nb6 Ne5 51. Nd5+ Kd6 52. Nf6 Nd2+ 53. Kc2 Ndc4 54. Ne4+ Kd5 55.
Nc5 Ne3+ 56. Kb3 N5c4 57. Nxa6 Nd2+ 58. Ka2 Kc4 59. Nc7 Kxc3 60. Ndxb5+ Kxb4 61. a6 Ndc4 62. a7 Nb6 63. f4 Kc5 64. f5 Nxf5 65. Kb3 Kc6 66. Ne6 Kxb5 67. Nd4+ Nxd4+ 68. Kc3 Ne2+ 69. Kd3 Nf4+ 70. Ke4 Nfd5 71. Kf3 Na8 72. Ke4 Kc6 73. Ke5 Ndc7 74. Kd4 Kd6 75. Ke4 Ke6 76. Kd4 Kd6 77. Ke4 Ne6 78. Kd3 Kd5 79. Ke3 Ke5 80. Kd3 Nc5+ 81.
Ke3 Nb6 82. a8=Q Nxa8 1/2-1/2

[Event "Early-Titled-Tuesday-Blitz-February-13-2024"]
[Site "Chess.com"]
[Date "2024.02.13"]
[Round "8"]
[White "kleopl"]
[Black "KacperKacprzak"]
[Result "0-1"]
[WhiteElo "2531"]
[BlackElo "2733"]
[TimeControl "180+1"]
[EndTime "9:33:43 PST"]
[Termination "KacperKacprzak won by resignation"]

1. e4 d6 2. d4 Nf6 3. Nc3 c6 4. f3 d5 5. e5 Nfd7 6. f4 e6 7. Nf3 c5 8. Be3 Nc6 9. Qd2 Be7 10. Be2 O-O 11. O-O a6 12. dxc5 Nxc5 13. Nd4 Bd7 14.
Kh1 b5 15. Rf3 Rc8 16. a3 b4 17. axb4 Nxb4 18. f5 exf5 19. Nxf5 Bxf5 20. Rxf5 Ne6 21. Rd1 d4 22. Bxd4 Nxd4 23. Qxd4 Qxd4 24. Rxd4 Nxc2 25.
Ra4 Rb8 26. Rxa6 Nd4 27. Rf1 Nxe2 28. Nxe2 Rxb2 29. Nf4 Bg5 30. Nh3 Bh6 31. Ng1 Rb7 32. h3 Re7 33. Nf3 Bf4 34. Re1 Rfe8 35. Re4 Bg3 36. Kg1 h6 37. Ra1 Bxe5 38. Nxe5 Rxe5 39.
Rxe5 Rxe5 40. Ra8+ Kh7 41. Ra6 f6 42. Ra3 Kg6 43. Rg3+ Kh7 44. Ra3 h5 45. Kh2 h4 46.
Ra4 g5 47. Kg1 Kg6 48. Kf2 Kf5 49. Ra2 Kf4 50. Ra4+ Re4 51. Ra3 f5 52. Rf3+ Ke5 53. Ra3 Rb4 54. Ra2 Kf4 55. Rc2 Rd4 56. Ra2 Rb4 57. Rc2 g4 58. hxg4 fxg4 59. Ra2 g3+ 60. Ke2 Kg4 61. Rc2 h3 62. gxh3+ Kxh3 63. Rc8 Kg2 64.
Rg8 Re4+ 65. Kd3 Re7 66. Kd2 Kf2 67. Rf8+ Kg1 68. Rg8 g2 69. Rf8 Rh7 0-1

[Event "Early-Titled-Tuesday-Blitz-February-13-2024"]
[Site "Chess.com"]
[Date "2024.02.13"]
[Round "8"]
[White "Felix-Rose"]
[Black "Conejoviejo67"]
[Result "1/2-1/2"]
[WhiteElo "2223"]
[BlackElo "2437"]
[TimeControl "180+1"]
[EndTime "9:33:45 PST"]
[Termination "Game drawn - insufficient material"]

1. e4 c5 2. Nf3 Nc6 3. d4 cxd4 4. Nxd4 Nf6 5. Nc3 e5 6. Ndb5 d6 7. Bg5 a6 8. Na3 Be7 9. Bxf6 Bxf6 10. Nc4 Be7 11. Nd5 b5 12. Ncb6 Rb8 13. Nxc8 Rxc8 14. Bd3 O-O 15. O-O Bg5 16. c3 Ne7 17. Nxe7+ Qxe7 18. a4 Qb7 19. axb5 axb5 20. Ra5 Rc5 21. Qe2 Rb8 22.
Rfa1 b4 23. Ra7 Qc8 24. Qh5 Bf6 25. Qxf7+ Kh8 26. c4 b3 27. h3 Qg8 28. Qxg8+ Kxg8 29. Ra8 Rcc8 30. Rxb8 Rxb8 31. Ra6 Be7 32. Ra7 Kf8 33. Kf1 Bg5 34. c5 dxc5 35. Bc4 Bh6 36. Rc7 Rd8 37. Bd5 Bc1 38. Rxc5 Bxb2 39.
Bxb3 Rd2 40. Rc2 Rxc2 41. Bxc2 Ke7 42. Ke2 Kf6 43. Kf3 Kg5 44. g3 Bd4 45. Bb3 h6 46. Be6 Kf6 47. Bf5 Bc5 48. Kg2 Kg5 49. Bh7 Bb4 50. h4+ Kf6 51. f4 Bd2 52. Kf3 Be1 53. Bf5 exf4 54. Kxf4 Bd2+ 55. Kf3 Ke5 56. Bg6 Be1 57.
g4 Bxh4 58. Bf5 Bg5 59. Bg6 Bf4 60. Bh5 Bc1 61. Bg6 Kf6 62. Be8 Kg5 63. Bf7 Bb2 64. Be8 Be5 65. Bf7 g6 66. Be8 h5 67. gxh5 gxh5 68. Bxh5 Kxh5 69. Kg2 Kg4 70. Kf1 Kf3 71. Ke1 Ke3 72. Kd1 Kd3 73. Kc1 Kxe4 1/2-1/2

[Event "Early-Titled-Tuesday-Blitz-February-13-2024"]
[Site "Chess.com"]
[Date "2024.02.13"]
[Round "8"]
[White "TrahtarBelarus"]
[Black "Semetey"]
[Result "1-0"]
[WhiteElo "2870"]
[BlackElo "2644"]
[TimeControl "180+1"]
[EndTime "9:33:46 PST"]
[Termination "TrahtarBelarus won on time"]

1. a3 a6 2. c4 c6 3. d4 d5 4. cxd5 cxd5 5. Bf4 Nc6 6. Nc3 Nf6 7. e3 Bg4 8. Nge2 e6 9. Qb3 b5 10. h3 Bh5 11.
Ng3 Bd6 12. Nxh5 Nxh5 13. Bxd6 Qxd6 14. Be2 Nf6 15. O-O O-O 16. Rfc1 Rfc8 17. Na2 Ne4 18. Nb4 Na5 19. Qd1 Nc4 20. Nd3 a5 21. a4 b4 22.
Bf3 f5 23. b3 Ncd2 24. Bxe4 Nxe4 25. Ne5 Rc3 26. f3 Rxc1 27. Rxc1 Nc3 28. Qd3 Rc8 29. Kh2 h6 30. g4 Rf8 31. gxf5 Rxf5 32. Rg1 Qc7 33. Kh1 Qe7 34. Rg4 Rg5 35. Kg2 Rxg4+ 36.
hxg4 Qh4 37. Qg6 Qe7 38. Kf1 Nb1 39. Kf2 Nd2 40. Qd3 Nxb3 41. Qxb3 Qc7 42. Qd3 Qc1 43. Qg6 Qd2+ 44. Kf1 Qxe3 45. Qxe6+ Kh7 46. Qf5+ Kg8 47. Qc8+ Kh7 48. Qf5+ Kg8 49. Qd3 Qc1+ 50. Ke2 Qb2+ 51. Kd1 b3 52. Qb5 Qa1+ 53. Ke2 b2 54. Qxd5+ Kh7 55.
Qe4+ Kg8 56. Qd5+ Kh7 57. Qe4+ Kh8 58. Ng6+ Kg8 59. Qe6+ Kh7 60. Nf8+ Kh8 61. Ng6+ Kh7 62. Ne7 Qe1+ 63. Kxe1 b1=Q+ 64. Kf2 Qb8 65. Qf5+ Kh8 66. Ng6+ Kg8 67. Ne5 Qb2+ 68. Kg3 Qb8 69. Qe4 Qe8 70.
Qd5+ Kh7 71. Qxa5 Qd8 72. Qxd8 1-0

[Event "Early-Titled-Tuesday-Blitz-February-13-2024"]
[Site "Chess.com"]
[Date "2024.02.13"]
[Round "8"]
[White "Elsa167"]
[Black "CSB7"]
[Result "1/2-1/2"]
[WhiteElo "2902"]
[BlackElo "2771"]
[TimeControl "180+1"]
[EndTime "9:33:47 PST"]
[Termination "Game drawn by repetition"]

1. e4 c6 2. d4 d5 3. e5 Bf5 4. g4 Bd7 5. h4 c5 6. dxc5 e6 7.
Be3 Bc6 8. Bd4 Nd7 9. b4 a6 10. Nc3 b6 11. cxb6 Bxb4 12. Rh3 Nxb6 13. Rb1 Ba5 14. Qc1 Ne7 15. Qa3 Nd7 16. h5 O-O 17.
Bd3 Bb5 18. Ne2 Nc6 19. h6 g6 20. f4 Qc7 21. Kf1 Nxd4 22. Nxd4 Bxc3 23. Nxb5 axb5 24. Qe7 Qd8 25. Qd6 Nb6 26. Bxb5 Qxd6 27. exd6 Bd4 28. Bc6 Rac8 29. Bb5 Rfd8 30. Rd3 Bc5 31. d7 Nxd7 32. g5 Bd6 33. Rf3 Nc5 34. a4 Rb8 35.
c4 dxc4 36. Rc1 Ne4 37. Kg2 c3 38. Bc6 Nd2 39. Rfxc3 Nb3 40. Rf1 Nd4 41. Be4 Nf5 42. a5 Bf8 43. a6 Rb6 44. a7 Ra6 45. a8=Q Raxa8 46. Bxa8 Rxa8 47. Kf3 Rd8 48. Kg4 Be7 49. Rfc1 Bf8 50. Rc8 Rxc8 51. Rxc8 Nd6 52. Ra8 Ne4 53. Kf3 Nd6 54. Kg4 Nc4 55. Re8 Nb6 56. Rb8 Nd5 57.
Kf3 Ne7 58. Ke4 Nd5 59. Ra8 Nc7 60. Rc8 Nd5 61. Ke5 Ne7 62. Ra8 Nc6+ 63. Ke4 Ne7 64. Re8 Nd5 65. Ra8 Nc7 66. Rc8 Nb5 67. Rb8 Nd6+ 68. Ke5 Nc4+ 69. Ke4 Nd6+ 70. Ke5 Nf5 71.
Ke4 Ne7 72. Ra8 Nc6 73. Kf3 Nb4 74. Ke4 Nd5 75. Re8 Nc7 76. Rc8 1/2-1/2

[Event "Early-Titled-Tuesday-Blitz-February-13-2024"]
[Site "Chess.com"]
[Date "2024.02.13"]
[Round "8"]
[White "Abund"]
[Black "PolandHussars"]
[Result "1-0"]
[WhiteElo "2768"]
[BlackElo "2601"]
[TimeControl "180+1"]
[EndTime "9:33:49 PST"]
[Termination "Abund won by checkmate"]

1. e4 e5 2. Nf3 Nc6 3. Bb5 g6 4. d4 exd4 5. Bg5 Be7 6. Bxe7 Qxe7 7. O-O Qb4 8. Bxc6 dxc6 9. Qxd4 Qxd4 10. Nxd4 Bd7 11.
Nc3 O-O-O 12. Rad1 Ne7 13. b4 Rhe8 14. Rfe1 f6 15.
f3 b6 16. a3 Kb7 17. Kf2 Bc8 18. Rd3 g5 19. Red1 Ng6 20. Nde2 Rxd3 21. cxd3 Ne5 22.
Ke3 Rd8 23. Nd4 h5 24. g3 a5 25. Nb3 axb4 26. axb4 Be6 27. Nd4 Bd7 28. Nc2 Ra8 29.
Ra1 Rd8 30. Ne2 Be6 31. Ra3 c5 32. bxc5 bxc5 33. Rc3 Kb6 34. Na3 c6 35. Nc1 Ra8 36.
Nc2 Ra4 37. Ra3 Rxa3 38. Nxa3 Ka5 39. Nc2 Kb5 40. Kd2 c4 41. dxc4+ Bxc4 42. Nd4+ Kc5 43.
Ke3 Ba6 44. Ncb3+ Kb4 45. Nd2 c5 46. Ne6 c4 47. Nd4 c3 48. Nb1 Bc4 49. h3 Ba2 50. Nxc3 Kxc3 51. Nf5 Be6 52. Ng7 Bxh3 53.
Nxh5 f5 54. exf5 Bxf5 55. f4 Nc4+ 56. Kf2 g4 57. Ng7 Bd7 58. f5 Kd4 59. f6 Kc5 60. f7 Ne5 61. f8=Q+ Kd4 62. Nf5+ Ke4 63. Nd6+ Kd5 64.
Nf7 Nd3+ 65. Ke3 Nc5 66. Qd6+ Kc4 67. Ne5+ Kb4 68. Nxd7 Ka4 69. Qxc5 Kb3 70. Qb6+ Ka2 71. Qe6+ Ka3 72. Qxg4 Ka2 73. Qf4 Ka3 74. g4 Ka2 75. g5 Kb2 76. g6 Kc1 77. g7 Kd1 78. g8=Q Kc2 79. Qg2+ Kd1 80. Qff1# 1-0

[Event "Early-Titled-Tuesday-Blitz-February-13-2024"]
[Site "Chess.com"]
[Date "2024.02.13"]
[Round "8"]
[White "ViIIagra"]
[Black "Sam_ChessMood"]
[Result "1-0"]
[WhiteElo "2972"]
[BlackElo "2927"]
[TimeControl "180+1"]
[EndTime "9:33:50 PST"]
[Termination "ViIIagra won on time"]

1. c3 e5 2. d4 exd4 3. Qxd4 d5 4.
Nf3 Nf6 5. Bg5 Be7 6. e3 O-O 7.
Nbd2 h6 8. Bf4 c5 9. Qa4 Qb6 10.
Qc2 Nc6 11. Be2 Be6 12. O-O Rfd8 13. Ne5 Rac8 14. Nxc6 Qxc6 15. Bf3 Bd6 16. Bxd6 Qxd6 17. Rad1 Ng4 18. g3 Qe5 19. Bg2 b6 20. h3 Nf6 21.
Nf3 Qc7 22. Nh4 Qe5 23. b3 a5 24. Kh2 b5 25. f4 Qc7 26. f5 Bd7 27. Bxd5 Bc6 28.
Bxc6 Qxc6 29. Qg2 Qe4 30. Qe2 Re8 31. Ng2 b4 32. c4 a4 33. Rd3 Re7 34. Nf4 Re5 35.
g4 axb3 36. axb3 Rce8 37. Qf3 Ra8 38. Qxe4 Nxe4 39. Re1 Nc3 40. Kg3 Ra2 41. Kh4 Rf2 42.
Rd8+ Kh7 43. Nd3 Rd2 44. Nxe5 Rxd8 45. Nxf7 Rd2 46. e4 g5+ 47. fxg6+ Kxg6 48. Ne5+ Kg7 49. Nf3 Rd3 50. Ne5 Rd2 51. Kg3 Ne2+ 52. Kf3 Nd4+ 53. Kf4 Rf2+ 54. Kg3 Rb2 55. Nd7 Rxb3+ 56. Kf4 Rf3+ 57. Ke5 Rf7 58. Kd6 b3 59. e5 Nc2 60. Rb1 Rf3 61. e6 Rd3+ 62. Ke7 Nd4 63. Nxc5 Re3 64. Rb2 Rc3 65. Kd6 Re3 66. Kd5 Nf3 67.
Rxb3 Re5+ 68. Kd6 1-0

[Event "Early-Titled-Tuesday-Blitz-February-13-2024"]
[Site "Chess.com"]
[Date "2024.02.13"]
[Round "8"]
[White "ilushka"]
[Black "vladgoncharov"]
[Result "0-1"]
[WhiteElo "2472"]
[BlackElo "2633"]
[TimeControl "180+1"]
[EndTime "9:33:51 PST"]
[Termination "vladgoncharov won on time"]

1. Nf3 Nf6 2. g3 c5 3. Bg2 Nc6 4. c4 d6 5. d4 cxd4 6. Nxd4 Bd7 7. O-O Nxd4 8. Qxd4 Bc6 9. Nc3 Bxg2 10. Kxg2 a6 11. Bg5 Rc8 12. Bxf6 gxf6 13. Rad1 Bg7 14. Qg4 O-O 15. b3 b5 16. Nd5 bxc4 17. bxc4 e6 18. Ne3 f5 19. Qh5 Rc6 20. Qf3 Rc5 21. Kh1 Qc7 22.
Rg1 Qc6 23. Qxc6 Rxc6 24. Rd2 Rb8 25. Rgd1 Bf8 26. Kg2 Rb4 27. Rd3 Ra4 28. R1d2 Bh6 29. f4 Bf8 30. Rb3 Kg7 31. Kf3 Ra5 32. Rdb2 Be7 33.
Rb7 Bf6 34. Rd2 Ra3 35. Kf2 Rc3 36. Rd7 Ra3 37. h3 h5 38. Rb7 Ra4 39. Rb3 Bd8 40. c5 d5 41. Rc2 Be7 42. Rb6 Rxc5 43. Rcb2 Rc3 44. R6b3 Rc1 45. Nc2 Bc5+ 46. e3 Rc4 47.
Ne1 R1c3 48. Nd3 d4 49. Nxc5 dxe3+ 50. Ke2 Rxc5 51. Rxc3 Rxc3 52. Rb3 Rc2+ 53. Kxe3 Rxa2 54. Kf3 a5 55. Rb7 a4 56. Ra7 Kf6 57. Ra5 Ke7 58. Ra7+ Kf6 59. Ra5 a3 60. Ra6 Ra1 61. Ra7 h4 62.
gxh4 a2 63. Kg2 Kg6 64. Ra5 Kh5 65. Ra4 Kxh4 66. Ra5 Kh5 67. Ra4 Kg6 68. Ra5 f6 69. Ra6 Kh5 70. Ra5 e5 0-1

[Event "Early-Titled-Tuesday-Blitz-February-13-2024"]
[Site "Chess.com"]
[Date "2024.02.13"]
[Round "8"]
[White "Juicy_Fork"]
[Black "Egor_Koshulyan"]
[Result "1-0"]
[WhiteElo "2482"]
[BlackElo "2616"]
[TimeControl "180+1"]
[EndTime "9:33:51 PST"]
[Termination "Juicy_Fork won by resignation"]

1. e4 c5 2. Nf3 Nc6 3. Bb5 g5 4. Nxg5 Nf6 5. Nc3 Rg8 6. d3 h6 7. Nf3 Rxg2 8. Be3 a6 9. Bxc6 dxc6 10. Qd2 Ng4 11. O-O-O Nxe3 12. Qxe3 Qa5 13. Rhg1 Rxg1 14.
Rxg1 Be6 15. Nd2 Bxa2 16. Nxa2 Qxa2 17. Nb3 a5 18. Rg8 O-O-O 19. Qh3+ Kb8 20. Qg3+ Kc8 21.
Qg4+ e6 22. Qf4 a4 23. Qxf7 axb3 24. Rxf8 Qa1+ 25. Kd2 Rxf8 26. Qxf8+ Kc7 27. Qg7+ Kb6 28. cxb3 Qf1 29. Qf6 Qg1 30. h4 Qb1 31. h5 Kb5 32. Qc3 Qf1 33. Qf6 Qb1 34. Ke3 Qe1+ 35. Kf3 Qd1+ 36.
Kg3 Qxd3+ 37. f3 Qxb3 38. Qxh6 Qxb2 39. Qg5 Qb1 40. h6 Qg1+ 41. Kh4 Qh1+ 42. Kg4 Qg2+ 43. Kf4 Qh2+ 44. Ke3 Kc4 45. Qg7 e5 46. h7 Qf4+ 47. Ke2 Kd4 48. h8=Q Qe3+ 49. Kf1 Qxf3+ 50. Kg1 Qe3+ 51.
Kh2 Qxe4 52. Qg1+ Kc4 53. Qhg8+ Kb5 54. Qf1+ c4 55. Qgf7 Qh4+ 56. Kg2 Qe4+ 57. Kg1 Qd4+ 58. Q1f2 Qg4+ 59. Kf1 Qd1+ 60. Qe1 Qd3+ 61. Kg1 e4 62. Qxb7+ Kc5 63. Qa7+ Kd5 64. Qae3 Qc2 65. Q1d2+ Qd3 66. Kf2 c5 67. Qdxd3+ cxd3 68. Qd2 Kd4 69. Qe3+ Kd5 70. Ke1 c4 71. Kd2 Ke5 72. Kc3 d2 73. Qxd2 e3 74.
Qxe3+ 1-0

[Event "Early-Titled-Tuesday-Blitz-February-13-2024"]
[Site "Chess.com"]
[Date "2024.02.13"]
[Round "8"]
[White "Goryachkina"]
[Black "JoliyRoger"]
[Result "1-0"]
[WhiteElo "2698"]
[BlackElo "2525"]
[TimeControl "180+1"]
[EndTime "9:33:55 PST"]
[Termination "Goryachkina won on time"]

1. e4 c6 2. d4 d5 3. Nd2 dxe4 4.
Nxe4 Bf5 5. Ng3 Bg6 6. h4 h6 7.
Nf3 Nd7 8. Bd3 Bxd3 9. Qxd3 Qc7 10.
Bd2 e6 11. O-O-O Ngf6 12. Ne4 O-O-O 13. Nxf6 Nxf6 14. g3 Bd6 15. Rhe1 c5 16. Kb1 c4 17. Qe2 Nd5 18. c3 b5 19. Ka1 Rd7 20. h5 Rhd8 21.
Nh4 Be7 22. Ng2 a5 23. Rc1 Qb7 24. Bf4 Qc6 25. Be5 Bf8 26. f3 Kb7 27. g4 Ka8 28. Qe4 Rc8 29. Ne3 Rb7 30. Rc2 b4 31. cxb4 Nxe3 32. Rxe3 axb4 33. Qxc6 Rxc6 34. b3 c3 35. Kb1 f6 36. Bg3 Rd7 37. Re4 Kb7 38.
a3 bxa3 39. Be1 Rdc7 40. Ka2 Rc8 41. f4 Ka6 42. f5 exf5 43. gxf5 Kb5 44. d5 Rc5 45. Rd4 Rd8 46. Rxc3 Rcxd5 47. Rxd5+ Rxd5 48. Rc8 Bd6 49. Rd8 Kc6 50. Rc8+ Kd7 51. Rg8 Re5 52. Rxg7+ Kc6 53. Bc3 Re2+ 54. Kb1 Kc5 55. Rg8 a2+ 56. Ka1 Be5 57. Bxe5 Rxe5 58. Rg6 Rxf5 59. Rxh6 Kb4 60. Kxa2 Rf2+ 61. Kb1 Kxb3 62. Kc1 Kc3 63. Kd1 Kd3 64.
Ke1 Rf3 65. Rh8 f5 66. h6 Rh3 67. h7 Ke4 68. Re8+ Kf3 69. h8=Q 1-0

[Event "Early-Titled-Tuesday-Blitz-February-13-2024"]
[Site "Chess.com"]
[Date "2024.02.13"]
[Round "8"]
[White "IngOscarArdila"]
[Black "Ron_Weasley_Chess"]
[Result "1/2-1/2"]
[WhiteElo "2304"]
[BlackElo "2449"]
[TimeControl "180+1"]
[EndTime "9:33:57 PST"]
[Termination "Game drawn by stalemate"]

1. d4 Nf6 2. c4 c5 3. dxc5 Na6 4. Nf3 g6 5. e3 Bg7 6. Be2 O-O 7. c6 dxc6 8. O-O Bf5 9. Qb3 Nc5 10. Qa3 Qb6 11. Nd4 a5 12. Nxf5 gxf5 13. Nc3 Nfe4 14. Nxe4 fxe4 15. Rb1 Qb4 16. Qxb4 axb4 17. a3 Rfd8 18. axb4 Nd3 19. f3 Nxc1 20. Rfxc1 Rd2 21. Kf2 Ra2 22.
fxe4 Bxb2 23. Rd1 Rc2 24. Kf3 Bc3 25. Bf1 h5 26. e5 Bxe5 27. Ke4 Bxh2 28. b5 e6 29.
bxc6 bxc6 30. Rbc1 Rxc1 31. Rxc1 Rd2 32. Kf3 f5 33. c5 Kf7 34. Bc4 Be5 35. e4 f4 36.
Rh1 Rc2 37. Ba6 Rc3+ 38. Ke2 Rxc5 39. Rxh5 Bd4 40. Rh7+ Kg6 41. Re7 e5 42. Bc8 Rc2+ 43. Kf3 Rf2+ 44. Kg4 Rxg2+ 45. Kh3 Rg3+ 46. Kh4 Bf2 47.
Bf5+ Kf6 48. Re6+ Kf7 49. Kh5 Rg8 50. Rxc6 Ke7 51. Rc7+ Kf8 52. Rc8+ Kg7 53. Rc7+ Kf6 54. Rc6+ Kf7 55. Be6+ Kg7 56. Bxg8 Kxg8 57. Kg4 Bd4 58. Rf6 Kg7 59. Rf5 Kg6 60. Kf3 Kg7 61. Rg5+ Kf6 62.
Rf5+ Ke6 63. Kg4 Kd6 64. Rf8 Kc5 65. Kf5 Kc4 66. Rc8+ Kd3 67. Rf8 f3 68. Kg4 f2 69.
Kg3 Kxe4 70. Kg2 Kd3 71. Rf3+ Be3 72. Rf8 Bd4 73. Kf1 e4 74. Ra8 e3 75. Ra3+ Bc3 76.
Ra2 Ke4 77. Re2 Kf3 78. Rxf2+ exf2 1/2-1/2

[Event "Early-Titled-Tuesday-Blitz-February-13-2024"]
[Site "Chess.com"]
[Date "2024.02.13"]
[Round "8"]
[White "Evgeny81"]
[Black "BogdanDeac"]
[Result "0-1"]
[WhiteElo "2748"]
[BlackElo "3007"]
[TimeControl "180+1"]
[EndTime "9:34:01 PST"]
[Termination "BogdanDeac won by resignation"]

1. Nf3 d5 2. c4 d4 3. g3 Nc6 4. Bg2 e5 5. d3 Bb4+ 6. Bd2 a5 7. O-O Nf6 8. Bg5 O-O 9. Na3 h6 10. Bxf6 Qxf6 11. Nc2 Bf5 12. Nd2 Bd6 13. a3 a4 14.
Ne4 Qe7 15. Qd2 Na5 16. Nxd6 Qxd6 17. Qb4 c5 18. Qe1 Nxc4 19. dxc4 Bxc2 20. Qc1 Bf5 21. Bxb7 Rab8 22. Bd5 Qb6 23. e4 Bh3 24. Re1 Qxb2 25. Qd1 g6 26. Qxa4 Qc3 27. Qd1 Rb2 28. Rc1 Qxa3 29. Ra1 Qc3 30. Rc1 Qb3 31. Qxb3 Rxb3 32. Rc2 Rfb8 33. f4 exf4 34. gxf4 Rb2 35. Rf2 d3 36.
Rd1 Rb1 37. Rd2 Bg4 38. Rxb1 Rxb1+ 39. Kf2 Be2 40. Ke3 Rb4 41. Ra2 Bf1 42. Kf2 d2 43. Rxd2 Bxc4 44. Ke3 Rb3+ 45. Kf2 Rd3 46. Rxd3 Bxd3 47.
Ke3 Bb5 48. e5 Kf8 49. h4 Ke7 50. Ke4 Bd7 51. Ke3 Be6 52. Be4 h5 53. Kd2 Kd7 54. Kc3 Kc7 55. Bf3 Kb6 56. Be4 Ka5 57. Bc6 Kb6 58. Be4 Kb5 59. Bf3 Ka4 60. Bc6+ Ka5 61. Be4 Kb6 62. Bf3 Kc7 63. Be4 Kd7 64. Bf3 Ba2 65. f5 Ke7 66. Be2 gxf5 67. Bxh5 Ke6 68.
Bf3 Kxe5 69. h5 Kf6 70. Kb2 Be6 71. Kc3 Kg5 72. Kd3 f4 73. Ke4 c4 74. Kd4 f6 75.
Ke4 Bg8 76. Kd4 Bf7 77. Ke4 Bxh5 78. Bg2 Be2 79. Kd4 f3 0-1